[Event "Titled Tuesday Blitz August 16 Early 2022"]
[White "Sovetbekova, Nurai"]
[Black "Omelja, Artem"]
[WhiteFideId "13801910"]
[BlackFideId "14119846"]
[WhiteElo "1646"]
[BlackElo "2382"]
[Result "0-1"]
[Round "05"]
[TimeControl "180+2"]
[Date "2022.08.18"]
[WhiteClock "0:00:00"]
[BlackClock "0:00:00"]

1. d4 d5 2. c4 c6 3. Nf3 e6 4. g3 dxc4 5. Bg2 b5 6. a4 Bb7 7. O-O Nf6 8. Ne5 a6 9. b3 cxb3 10. Bb2 Nfd7 11. Nd3 Be7 12. Qxb3 O-O 13. Rc1 Nb6 14. Nc5 Bxc5 15. dxc5 Nxa4 16. Rxa4 bxa4 17. Qxb7 Nd7 18. Qxc6 Rb8 19. Ba1 Rc8 20. Qxa4 Nxc5 21. Qg4 f6 22. Na3 e5 23. h4 Kh8 24. Kh2 Nb3 25. Rxc8 Qxc8 26. Bb2 Qxg4 0-1


[Site "https://www.chess.com"]

[Event "Titled Tuesday Blitz August 16 Early 2022"]
[White "Sultana, Sharmin Shirin"]
[Black "Fernandez Siles, Luis"]
[WhiteFideId "10204482"]
[BlackFideId "2209420"]
[WhiteElo "1987"]
[BlackElo "2211"]
[Result "0-1"]
[Round "05"]
[TimeControl "180+2"]
[Date "2022.08.18"]
[WhiteClock "0:00:00"]
[BlackClock "0:00:00"]

1. d4 Nf6 2. Nf3 g6 3. c4 Bg7 4. Nc3 O-O 5. h4 c5 6. d5 d6 7. Bf4 Bf5 8. e3 Ne4 9. Rc1 Qa5 10. Qb3 Nd7 11. Be2 Nb6 12. O-O Nxc3 13. bxc3 Bd7 14. e4 Ba4 15. Qb2 Nd7 16. Qa3 a6 17. h5 b5 18. cxb5 axb5 19. Bd2 c4 20. hxg6 hxg6 21. Qb2 Nc5 22. Ng5 Bf6 23. f3 Kg7 24. Nh3 b4 25. Qxb4 Qxb4 26. cxb4 Nd3 27. Rxc4 Bb5 28. Bxd3 Rxa2 29. Be3 Bxc4 30. Bxc4 Rc2 31. Bd3 Rb2 32. Rb1 Rxb1+ 33. Bxb1 Rb8 34. Bd2 Bd4+ 35. Kf1 Bc5 36. Bd3 Bxb4 37. Be3 Bc5 38. Bxc5 dxc5 39. Ke2 Rb2+ 40. Kf1 Rd2 41. Be2 Rc2 42. Nf4 c4 43. Nh3 c3 44. Nf2 Rc1+ 0-1


[Site "https://www.chess.com"]

[Event "Titled Tuesday Blitz August 16 Early 2022"]
[White "Tanenbaum, Zachary"]
[Black "Fiorito, Joaquin"]
[WhiteFideId "2060850"]
[BlackFideId "180173"]
[WhiteElo "2175"]
[BlackElo "1758"]
[Result "1-0"]
[Round "05"]
[TimeControl "180+2"]
[Date "2022.08.18"]
[WhiteClock "0:00:00"]
[BlackClock "0:00:00"]

1. e4 c6 2. d4 d5 3. exd5 cxd5 4. Bd3 Nf6 5. c3 Nc6 6. Bf4 Bg4 7. Qb3 Na5 8. Qa4+ Bd7 9. Qc2 Qb6 10. Nf3 Rc8 11. Nbd2 Bb5 12. Rb1 Bxd3 13. Qxd3 e6 14. O-O Be7 15. Ne5 O-O 16. Ndf3 Ne4 17. Nd7 Qc6 18. Nxf8 Rxf8 19. Ne5 Qc8 20. Rbc1 f6 21. Nf3 Nc4 22. b3 Ncd6 23. c4 Qd7 24. Nd2 g5 25. Bxd6 Nxd6 26. cxd5 exd5 27. Rfe1 f5 28. Nf3 Bf6 29. Ne5 Qg7 30. Qf3 Ne4 31. Qxf5 Kh8 32. Nd7 Rd8 33. Qxd5 Nd2 34. Nxf6 Qxf6 35. Qe5 Qxe5 36. dxe5 1-0


[Site "https://www.chess.com"]

[Event "Titled Tuesday Blitz August 16 Early 2022"]
[White "Taspinar, Yanki"]
[Black "Vidonyak, Roman"]
[WhiteFideId "34561188"]
[BlackFideId "14100622"]
[WhiteElo "1549"]
[BlackElo "2442"]
[Result "1-0"]
[Round "05"]
[TimeControl "180+2"]
[Date "2022.08.18"]
[WhiteClock "0:00:00"]
[BlackClock "0:00:00"]

1. Nf3 Nf6 2. g3 g6 3. Bg2 Bg7 4. O-O O-O 5. d4 d5 6. b3 c5 7. Bb2 Ne4 8. Nbd2 Nc6 9. e3 Bg4 10. h3 Bxf3 11. Nxf3 Rc8 12. a3 Qb6 13. Ne5 Nxe5 14. dxe5 Rfd8 15. Qe2 Qc7 16. Bxe4 dxe4 17. Rad1 Bxe5 18. Bxe5 Qxe5 19. Qb5 b6 20. Qa4 a5 21. Qc4 h5 22. h4 Kg7 23. a4 Rd6 24. Rxd6 exd6 25. Rd1 Rd8 26. Qb5 Qc3 27. Qxb6 Qxc2 28. Rd5 Qc3 29. Qxd8 1-0


[Site "https://www.chess.com"]

[Event "Titled Tuesday Blitz August 16 Early 2022"]
[White "Tica, Sven"]
[Black "Timofeev, Artyom"]
[WhiteFideId "14526948"]
[BlackFideId "4140419"]
[WhiteElo "2350"]
[BlackElo "2578"]
[Result "0-1"]
[Round "05"]
[TimeControl "180+1"]
[Date "2022.08.16"]
[WhiteClock "0:00:13"]
[BlackClock "0:00:51"]

1. e4 c6 2. Nf3 d5 3. d3 dxe4 4. dxe4 Qxd1+ 5. Kxd1 g6 6. Nfd2 Bg7 7. f3 f5 8. a4 Nf6 9. Bd3 O-O 10. Nc3 Rd8 11. e5 Nh5 12. Nc4 Be6 13. Ke2 Nd7 14. f4 Nc5 15. g3 Nxd3 16. cxd3 Rd7 17. Be3 b6 18. Rhd1 Rad8 19. b3 g5 20. d4 gxf4 21. gxf4 Bh6 22. Kf3 Ng7 23. Rd2 Bf7 24. Rg1 Kf8 25. Rgd1 Bh5+ 26. Kf2 Bxd1 27. Rxd1 Ne6 28. Ne2 c5 29. Rd3 cxd4 30. Bc1 Nc5 31. Rh3 Kg7 32. Ng3 Kg6 33. Nxf5 Kxf5 34. Rxh6 Ke4 35. Nd2+ Kd5 36. Ke2 Rg8 37. Kf1 Nd3 38. Ba3 Nxf4 39. e6 Nxe6 40. Rh5+ Rg5 41. Rxh7 Nc5 42. Bxc5 bxc5 43. Nf3 Rf5 44. Ke2 Rb7 45. Nd2 Re5+ 46. Kd3 Re3+ 47. Kc2 Rb8 48. h4 Rg8 49. Rh5+ e5 50. Nc4 Rg2+ 51. Kd1 Rxb3 0-1


[Site "https://www.chess.com"]

[Event "Titled Tuesday Blitz August 16 Early 2022"]
[White "Tologon tegin, Semetei"]
[Black "Rosenberg, Evan S"]
[WhiteFideId "13800574"]
[BlackFideId "2019299"]
[WhiteElo "2174"]
[BlackElo "1999"]
[Result "1-0"]
[Round "05"]
[TimeControl "180+2"]
[Date "2022.08.18"]
[WhiteClock "0:00:00"]
[BlackClock "0:00:00"]

1. g3 e5 2. Bg2 d5 3. d3 Nc6 4. a3 Nf6 5. b4 Be6 6. Bb2 Bd6 7. Nf3 a6 8. Ng5 Bd7 9. c4 h6 10. cxd5 hxg5 11. dxc6 Bxc6 12. Bxc6+ bxc6 13. Qc1 Qd7 14. Qxg5 a5 15. bxa5 Rb8 16. Bc3 Qh3 17. a6 Qg2 18. Rf1 Rxh2 19. Nd2 c5 20. Nc4 Nd5 21. Bxe5 Bxe5 22. Qxe5+ Kf8 23. e4 Nf6 24. Qxc7 Re8 25. O-O-O Nxe4 26. dxe4 Qxe4 27. Nd6 Qa4 28. Qxc5 Rd8 1-0


[Site "https://www.chess.com"]

[Event "Titled Tuesday Blitz August 16 Early 2022"]
[White "Vakhlamov, Igor L."]
[Black "Suder, Jakub"]
[WhiteFideId "24126748"]
[BlackFideId "1195310"]
[WhiteElo "2401"]
[BlackElo "2095"]
[Result "0-1"]
[Round "05"]
[TimeControl "180+1"]
[Date "2022.08.16"]
[WhiteClock "0:00:17"]
[BlackClock "0:00:13"]

1. e4 c5 2. Nf3 e6 3. Nc3 Nc6 4. Bb5 Nge7 5. O-O a6 6. Bxc6 Nxc6 7. d4 cxd4 8. Nxd4 Qc7 9. Nxc6 dxc6 10. Qh5 g6 11. Qh4 Bg7 12. Bh6 O-O 13. Rad1 e5 14. Rd3 Be6 15. Rfd1 Bxh6 16. Qxh6 Rfd8 17. b3 Rxd3 18. Rxd3 Rd8 19. Qd2 Rxd3 20. Qxd3 Qd7 21. Qxd7 Bxd7 22. f3 f6 23. Kf2 Kf7 24. Ke3 Ke6 25. h4 h6 26. a4 a5 27. g3 Kd6 28. f4 Kc5 29. Kd3 Be6 30. Ke3 Bd7 31. Kd3 Be6 32. Ke3 b5 33. Kd3 exf4 34. gxf4 g5 35. hxg5 hxg5 36. e5 Bf5+ 37. Kd2 gxf4 38. exf6 Bg6 39. Ne4+ Kb4 40. axb5 cxb5 41. Ng5 a4 42. bxa4 bxa4 43. f7 Bxf7 44. Nxf7 a3 45. Kc1 f3 46. Ne5 Kc3 47. Nd3 a2 48. Kd1 a1=Q+ 49. Nc1 Qxc1+ 50. Kxc1 f2 51. Kb1 f1=Q+ 52. Ka2 Kxc2 53. Ka3 Qf4 54. Ka2 Qa4# 0-1


[Site "https://www.chess.com"]

[Event "Titled Tuesday Blitz August 16 Early 2022"]
[White "Vlassov, Nikolai"]
[Black "Bintang, Rasyid A. Hidayat"]
[WhiteFideId "4103360"]
[BlackFideId "7105355"]
[WhiteElo "2324"]
[BlackElo "1820"]
[Result "1-0"]
[Round "05"]
[TimeControl "180+2"]
[Date "2022.08.18"]
[WhiteClock "0:00:00"]
[BlackClock "0:00:00"]

1. e4 e5 2. Bc4 Nc6 3. f4 Nf6 4. Nc3 Nxe4 5. Nf3 Nxc3 6. dxc3 e4 7. Ng5 Qf6 8. Bxf7+ Kd8 9. Bb3 Ke8 10. Nxe4 Qf5 11. O-O Be7 12. Qf3 h5 13. Bd2 d6 14. Rae1 Kd8 15. Ng3 Qg4 16. Qe3 h4 17. Ne4 h3 18. Rf2 Bf5 19. Bd5 Bd7 20. Nc5 dxc5 21. Bxc6 Bd6 22. Bxb7 Rb8 23. Bf3 Qg6 24. b3 Re8 25. Qd3 Qxd3 26. Rxe8+ Kxe8 27. cxd3 Bf5 28. Be4 g6 29. gxh3 Kf7 30. Bxf5 gxf5 31. Rg2 Rg8 32. Rxg8 Kxg8 33. Kg2 Kf7 34. h4 Kg6 35. Kg3 Kh5 36. c4 Be7 37. Be3 Bd6 38. Kh3 Be7 39. a4 Bd6 40. a5 a6 41. Kg3 c6 42. Bf2 Bc7 43. Be1 1-0


[Site "https://www.chess.com"]

[Event "Titled Tuesday Blitz August 16 Early 2022"]
[White "Voege, Tobias"]
[Black "Jain, Naveen"]
[WhiteFideId "1270513"]
[BlackFideId "5003970"]
[WhiteElo "2360"]
[BlackElo "2036"]
[Result "1-0"]
[Round "05"]
[TimeControl "180+2"]
[Date "2022.08.18"]
[WhiteClock "0:00:00"]
[BlackClock "0:00:00"]

1. e4 Nf6 2. e5 Nd5 3. c4 Nb6 4. d4 d6 5. exd6 exd6 6. Nc3 Nc6 7. Nf3 Bg4 8. Be3 Be7 9. Be2 O-O 10. Rc1 Bxf3 11. gxf3 Re8 12. d5 Ne5 13. b3 Qd7 14. f4 Ng6 15. Bg4 f5 16. Bh3 Nxf4 17. Bxf4 Bg5+ 18. Ne2 Bxf4 19. Rc3 Be5 20. Rf3 g6 21. Kf1 Kh8 22. Nd4 Bxd4 23. Qxd4+ Qg7 24. Qd2 Nd7 25. Rg1 Qf6 26. Qc3 Re5 27. Kg2 Rae8 28. Kh1 Re2 29. Qa5 b6 30. Qxa7 Ne5 31. Rfg3 f4 32. R3g2 Nf3 33. Qxc7 Re1 34. Be6 Rxg1+ 35. Rxg1 1-0


[Site "https://www.chess.com"]

[Event "Titled Tuesday Blitz August 16 Early 2022"]
[White "Volkov, Maksim"]
[Black "Terry, Renato"]
[WhiteFideId "54123070"]
[BlackFideId "3803457"]
[WhiteElo "2155"]
[BlackElo "2577"]
[Result "0-1"]
[Round "05"]
[TimeControl "180+1"]
[Date "2022.08.16"]
[WhiteClock "0:00:01"]
[BlackClock "0:00:34"]

1. d4 d5 2. c4 dxc4 3. e3 Nf6 4. Bxc4 e6 5. Nf3 a6 6. O-O c5 7. Nbd2 Nbd7 8. b3 b5 9. Be2 Bb7 10. Bb2 Be7 11. Rc1 O-O 12. Bd3 Rc8 13. Qe2 Qb6 14. e4 cxd4 15. Bxd4 Bc5 16. Rxc5 Nxc5 17. b4 Nfd7 18. Nb3 Nxb3 19. Bxb6 Nc1 20. Qe3 Nxd3 21. Rd1 Nxb6 22. Qxb6 Bxe4 23. Ng5 Bg6 24. Qxa6 Nxb4 25. Qa5 Nd5 26. Re1 b4 27. h4 Ra8 28. Qc5 Rxa2 29. Rxe6 fxe6 30. Nxe6 Re8 31. Qxd5 Ra1+ 32. Kh2 Bf7 33. Qd4 Bxe6 34. Qxa1 b3 35. Qe5 Bf7 36. Qb2 h5 37. Kg3 Rc8 38. Qe5 Re8 39. Qb2 Ra8 40. Qe5 Ra6 41. f3 Rb6 42. Qb2 Rg6+ 43. Kf2 Rc6 44. Kg3 Rc2 45. Qe5 b2 46. Qb5 Kh7 47. Qb4 Bg6 48. Qb3 Re2 0-1


[Site "https://www.chess.com"]

[Event "Titled Tuesday Blitz August 16 Early 2022"]
[White "Vovk, Orest"]
[Black "Mitrabha, Guha"]
[WhiteFideId "14113490"]
[BlackFideId "5057000"]
[WhiteElo "2203"]
[BlackElo "2499"]
[Result "0-1"]
[Round "05"]
[TimeControl "180+1"]
[Date "2022.08.16"]
[WhiteClock "0:00:02"]
[BlackClock "0:00:15"]

1. h4 d5 2. h5 e5 3. h6 Nxh6 4. d4 Nc6 5. Bxh6 gxh6 6. dxe5 Nxe5 7. Nf3 Ng6 8. Nc3 c6 9. e4 dxe4 10. Qxd8+ Kxd8 11. O-O-O+ Kc7 12. Nxe4 Be6 13. Nd4 Bxa2 14. Nc3 Be6 15. Nxe6+ fxe6 16. Bc4 Re8 17. Ne4 b6 18. Nf6 Re7 19. Rhe1 Bg7 20. Nh5 Rf8 21. f3 Be5 22. Re4 Rf5 23. Rh1 b5 24. Bd3 Rf8 25. Re2 Bf4+ 26. Kb1 Bd6 27. Rhe1 e5 28. Be4 a5 29. Rd1 Bc5 30. g4 a4 31. Rh2 a3 32. bxa3 Bxa3 33. Ng3 Nf4 34. Ne2 Nxe2 35. Rxe2 Bb4 36. Kb2 Bc5 37. Rh2 Rf6 38. Rdh1 Be3 39. Re2 Bf4 40. Bf5 b4 41. Ra1 Kb6 42. Ra8 Rd6 43. Kb3 Rd4 44. Rb8+ Kc5 45. Ra8 Rb7 46. Ra5+ Kd6 47. Ra8 Rb5 48. Re4 Rxe4 49. Bxe4 Kc7 50. Rh8 Rc5 51. Rxh7+ Kb6 52. Kxb4 Bd2+ 53. Kb3 Rc3+ 54. Kb2 Rc5 55. Rd7 Bc3+ 56. Kb3 Bd4 57. Rd8 Rc3+ 58. Ka2 Kc5 59. Rb8 Rc4 60. Rb3 Ra4+ 61. Ra3 Rb4 62. Ra5+ Kb6 63. Ra8 Kc7 64. Rh8 Rb2+ 65. Ka3 Rb6 66. Rh7+ Kd6 67. Rxh6+ Kc5 68. Bd3 Be3 69. Rh5 Kd4 70. g5 Kc3 71. Ka2 Rb2+ 72. Ka3 Rb4 73. Ka2 Bc1 74. Rh1 Ra4+ 75. Kb1 Bb2 0-1


[Site "https://www.chess.com"]

[Event "Titled Tuesday Blitz August 16 Early 2022"]
[White "Winkels, Marcel"]
[Black "Kotepalli, Sai Nirupama"]
[WhiteFideId "1003887"]
[BlackFideId "5039444"]
[WhiteElo "1900"]
[BlackElo "1910"]
[Result "0-1"]
[Round "05"]
[TimeControl "180+2"]
[Date "2022.08.18"]
[WhiteClock "0:00:00"]
[BlackClock "0:00:00"]

1. e4 c5 2. Nf3 e6 3. Bc4 Nc6 4. d4 cxd4 5. Nxd4 Nf6 6. Nxc6 bxc6 7. Nc3 Bb4 8. Bd3 d5 9. exd5 exd5 10. Qe2+ Be6 11. Bd2 O-O 12. O-O Re8 13. Qf3 Bg4 14. Qg3 d4 15. Nb1 Bxd2 16. Nxd2 Be2 17. Rfe1 Bxd3 18. cxd3 Qd5 19. b3 h6 20. Nc4 Nh5 21. Qg4 Nf6 22. Qg3 Re6 23. Qc7 Rae8 24. Rxe6 Qxe6 25. h3 Re7 26. Qd6 Nd5 27. Qxe6 Rxe6 28. Kf1 Nf4 29. g3 Nxd3 30. Rd1 Nb4 31. Rxd4 Nxa2 32. Rd8+ Kh7 33. Rd7 Nc1 34. Rxa7 Rf6 35. Rb7 Nd3 36. f4 g5 37. Ke2 Nc5 38. fxg5 hxg5 39. Rb8 Ne4 40. g4 Nf2 41. Ne3 Nxh3 42. Rc8 Nf4+ 43. Ke1 Nd3+ 44. Kd2 Ne5 45. Nf5 Nxg4 46. Ne7 Ne5 47. Rc7 g4 48. Ra7 g3 49. Ra1 g2 50. Rg1 Nf3+ 0-1


[Site "https://www.chess.com"]

[Event "Titled Tuesday Blitz August 16 Early 2022"]
[White "Xu, Yi"]
[Black "Levitskiy, Andrey"]
[WhiteFideId "8605564"]
[BlackFideId "14132885"]
[WhiteElo "2471"]
[BlackElo "2293"]
[Result "1-0"]
[Round "05"]
[TimeControl "180+2"]
[Date "2022.08.18"]
[WhiteClock "0:00:00"]
[BlackClock "0:00:00"]

1. e4 e6 2. d4 d5 3. Nd2 c5 4. exd5 Qxd5 5. Ngf3 cxd4 6. Bc4 Qd6 7. O-O Nf6 8. Nb3 Nc6 9. Nbxd4 Nxd4 10. Nxd4 a6 11. Re1 Qc7 12. Bf1 Bd6 13. Nf5 Bxh2+ 14. Kh1 Kf8 15. Qd4 exf5 16. Qxf6 h5 17. Qd4 Be6 18. g3 h4 19. Bf4 Qc6+ 20. Bg2 1-0


[Site "https://www.chess.com"]

[Event "Titled Tuesday Blitz August 16 Early 2022"]
[White "Yaksin, Oleg"]
[Black "Garrido, Denis"]
[WhiteFideId "24105880"]
[BlackFideId "601217"]
[WhiteElo "2256"]
[BlackElo "2205"]
[Result "1-0"]
[Round "05"]
[TimeControl "180+2"]
[Date "2022.08.18"]
[WhiteClock "0:00:00"]
[BlackClock "0:00:00"]

1. d4 Nf6 2. Bg5 Ne4 3. h4 c5 4. dxc5 Qa5+ 5. Nd2 h6 6. Be3 Nxc5 7. c3 Ne6 8. Ngf3 Nc6 9. Qc2 d5 10. g3 Qc7 11. Bg2 b6 12. O-O Bb7 13. Rad1 Nc5 14. b4 Nd7 15. Qb3 e6 16. Bf4 Bd6 17. Bxd6 Qxd6 18. e4 Nce5 19. Nxe5 Nxe5 20. exd5 exd5 21. Rfe1 O-O 22. Nf1 Rad8 23. Ne3 Qf6 24. Nxd5 Rxd5 25. Rxd5 Nf3+ 26. Bxf3 Qxf3 27. Red1 Re8 28. c4 Bxd5 29. cxd5 Qxb3 30. axb3 Kf8 31. Rd4 Rd8 32. Kf1 Ke7 33. Ke2 Kd6 34. Kd3 Rd7 35. f4 b5 36. Ke3 f5 37. Kf3 Rc7 38. Rd3 Rc2 39. g4 g6 40. gxf5 gxf5 41. Kg3 Rb2 42. h5 a6 43. Kh3 Rf2 44. Kg3 Rb2 45. Kf3 Rh2 46. Kg3 Rxh5 47. Rd1 Ke7 48. d6+ Kd7 49. Kg2 Rh4 50. Kg3 Rg4+ 51. Kf3 Rg6 52. Rd5 Rxd6 53. Rxf5 Rd3+ 54. Ke4 Rxb3 55. Kd5 Rxb4 56. Rf7+ Kc8 57. f5 Rc4 58. f6 a5 59. Ra7 1-0


[Site "https://www.chess.com"]

[Event "Titled Tuesday Blitz August 16 Early 2022"]
[White "Yeletsky, Ivan"]
[Black "Gabdrakhmanov, Azat"]
[WhiteFideId "24180327"]
[BlackFideId "34189197"]
[WhiteElo "2293"]
[BlackElo "2293"]
[Result "1-0"]
[Round "05"]
[TimeControl "180+1"]
[Date "2022.08.16"]
[WhiteClock "0:00:30"]
[BlackClock "0:00:03"]

1. Nf3 c5 2. g3 b6 3. Bg2 Bb7 4. O-O Nf6 5. c4 e6 6. Nc3 Be7 7. Re1 d6 8. e4 a6 9. d4 cxd4 10. Nxd4 Qc7 11. Be3 O-O 12. Rc1 Nbd7 13. f4 Rfe8 14. Bf2 Bf8 15. g4 e5 16. Nf5 g6 17. Nd5 Bxd5 18. cxd5 Qd8 19. fxe5 Nxe5 20. Ne3 Rc8 21. Qe2 Qd7 22. h3 b5 23. b3 Bh6 24. Bh4 Rxc1 25. Rxc1 Qa7 26. Bf2 Qe7 27. Bh4 Qa7 28. g5 Nh5 29. gxh6 Nf4 30. Qd2 Nxh3+ 31. Kh1 Qd7 32. Bf6 Nf4 33. Rf1 Nh5 34. Bh4 Rc8 35. Kh2 b4 36. Bh3 f5 37. exf5 g5 38. f6 g4 39. f7+ Kf8 40. Qg2 Rc3 41. Nxg4 Nf3+ 42. Rxf3 Rxf3 43. Qxf3 Qe7 44. Ne3 Qe5+ 45. Bg3 Nxg3 46. Qxg3 Qb2+ 47. Bg2 Kxf7 48. Qxd6 Qd2 49. Qe6+ Kf8 50. Qf6+ Ke8 51. Qe5+ Kd7 52. d6 Qf2 53. Qe7+ Kc8 54. Qc7# 1-0


[Site "https://www.chess.com"]

[Event "Titled Tuesday Blitz August 16 Early 2022"]
[White "Yuan, Qingyu"]
[Black "Ezat, Mohamed"]
[WhiteFideId "8609772"]
[BlackFideId "10600906"]
[WhiteElo "2359"]
[BlackElo "2386"]
[Result "1-0"]
[Round "05"]
[TimeControl "180+1"]
[Date "2022.08.16"]
[WhiteClock "0:00:46"]
[BlackClock "0:00:27"]

1. e4 c6 2. Nf3 d5 3. Nc3 Bg4 4. h3 Bh5 5. exd5 cxd5 6. g4 Bg6 7. Ne5 Nc6 8. d4 e6 9. h4 f6 10. h5 Bf7 11. Nxf7 Kxf7 12. Be3 Bb4 13. Bg2 Qa5 14. Qd3 Nge7 15. O-O Bxc3 16. bxc3 Rac8 17. Rfb1 Qc7 18. c4 b6 19. Rb5 dxc4 20. Qxc4 Na5 21. Qe2 Qxc2 22. Qe1 Nd5 23. Rxd5 exd5 24. Bxd5+ Kf8 25. Bf4 g5 26. Bd6+ Kg7 27. Qe7+ Kh6 28. Qxf6+ Qg6 29. hxg6 hxg6 30. Kg2 1-0


[Site "https://www.chess.com"]

[Event "Titled Tuesday Blitz August 16 Early 2022"]
[White "Zaksaite, Salomeja"]
[Black "Mirimanian, Hayk"]
[WhiteFideId "12801496"]
[BlackFideId "4700180"]
[WhiteElo "1953"]
[BlackElo "2280"]
[Result "0-1"]
[Round "05"]
[TimeControl "180+2"]
[Date "2022.08.18"]
[WhiteClock "0:00:00"]
[BlackClock "0:00:00"]

1. e4 c5 2. Nf3 d6 3. d4 cxd4 4. Nxd4 Nf6 5. Nc3 a6 6. Bd3 g6 7. O-O Bg7 8. h3 O-O 9. Be3 Nc6 10. Nce2 Bd7 11. c4 Rb8 12. Rc1 Nxd4 13. Bxd4 b5 14. cxb5 axb5 15. Bb1 Qa5 16. a3 b4 17. axb4 Qxb4 18. Nf4 Qb7 19. Re1 e5 20. Bc3 exf4 21. Qxd6 Nh5 22. e5 Be6 23. Be4 Qb6 24. Qd1 Rfd8 25. Qf3 Qb5 26. Bc6 Bd5 27. Bxb5 Bxf3 28. Ba5 Rd5 29. Bc6 Rxa5 30. Bxf3 Rxe5 31. Red1 Re7 0-1


[Site "https://www.chess.com"]

[Event "Titled Tuesday Blitz August 16 Early 2022"]
[White "Zemlyanskii, Ivan"]
[Black "Girinath, P.D.S."]
[WhiteFideId "24249971"]
[BlackFideId "5000572"]
[WhiteElo "1879"]
[BlackElo "2369"]
[Result "1-0"]
[Round "05"]
[TimeControl "180+2"]
[Date "2022.08.18"]
[WhiteClock "0:00:00"]
[BlackClock "0:00:00"]

1. d4 e6 2. c4 f5 3. g3 Nf6 4. Bg2 Be7 5. Nf3 O-O 6. O-O d6 7. Nc3 a5 8. b3 Qe8 9. Ba3 Na6 10. Rc1 c6 11. Re1 e5 12. c5 dxc5 13. dxe5 Ne4 14. Nxe4 fxe4 15. Nd2 e3 16. fxe3 Be6 17. Nc4 Bxc4 18. Rxc4 Nb4 19. Qb1 Rd8 20. Bb2 Nd5 21. Qe4 Bg5 22. Bc1 Qe7 23. h4 Bh6 24. Kh2 Rde8 25. Qg4 Qxe5 26. Re4 Qc3 27. Rf1 Rxe4 28. Rxf8+ Kxf8 29. Bxe4 Qxc1 30. Qc8+ Kf7 31. Qxb7+ Ne7 32. Bxc6 Qxe3 33. Bf3 Qf2+ 34. Kh3 Be3 35. Bd5+ Kf6 36. Qb6+ Ke5 37. Qe6+ Kd4 38. Qe4+ Kc3 39. Qxe7 Qf5+ 40. Kh2 Qf2+ 41. Bg2 Qxe2 42. Qe5+ Kc2 43. Qxg7 1-0


[Site "https://www.chess.com"]

[Event "Titled Tuesday Blitz August 16 Early 2022"]
[White "Zenin, Dmitry"]
[Black "Eynullayev, Altay"]
[WhiteFideId "4127897"]
[BlackFideId "13413562"]
[WhiteElo "2215"]
[BlackElo "2079"]
[Result "1-0"]
[Round "05"]
[TimeControl "180+2"]
[Date "2022.08.18"]
[WhiteClock "0:00:00"]
[BlackClock "0:00:00"]

1. c4 e5 2. Nc3 Nf6 3. g3 d5 4. cxd5 Nxd5 5. Bg2 Nb6 6. e3 Be7 7. Nge2 O-O 8. O-O Nc6 9. f4 Bd6 10. fxe5 Nxe5 11. d4 Ng6 12. e4 c5 13. d5 Bg4 14. h3 Bxe2 15. Nxe2 Re8 16. Qc2 Nd7 17. Be3 Nde5 18. Rf5 Rc8 19. Raf1 Qa5 20. a3 b5 21. Nf4 Qc7 22. Kh2 a6 23. Qd1 Re7 24. h4 Rce8 25. h5 Nxf4 26. gxf4 Nc4 27. Bc1 Rxe4 28. Bxe4 Rxe4 29. Qg4 h6 30. Rg1 Bf8 31. Kh1 Qe7 32. b3 Nd6 33. Re5 Rxe5 34. fxe5 Qxe5 35. Qf3 Kh8 36. Bf4 Qf6 37. Rf1 Nf5 38. Bh2 g6 39. hxg6 fxg6 40. Re1 Qd4 41. Be5+ Bg7 42. Bxd4 Bxd4 43. Re6 Kh7 44. d6 1-0


[Site "https://www.chess.com"]

[Event "Titled Tuesday Blitz August 16 Early 2022"]
[White "Zheenbekov, Nurgazy"]
[Black "Ronka, Erik"]
[WhiteFideId "13800485"]
[BlackFideId "505080"]
[WhiteElo "1932"]
[BlackElo "2264"]
[Result "0-1"]
[Round "05"]
[TimeControl "180+2"]
[Date "2022.08.18"]
[WhiteClock "0:00:00"]
[BlackClock "0:00:00"]

1. e4 c6 2. d4 d5 3. exd5 cxd5 4. Bd3 Nc6 5. c3 Nf6 6. h3 g6 7. Nf3 Bf5 8. O-O Bxd3 9. Qxd3 Bg7 10. Re1 O-O 11. Bf4 a6 12. Nbd2 b5 13. Ne5 Nxe5 14. Bxe5 e6 15. a4 Qb6 16. axb5 axb5 17. b4 Ne8 18. Bxg7 Nxg7 19. g4 f5 20. Nb3 Rxa1 21. Rxa1 fxg4 22. hxg4 Qd6 23. Ra7 Qf4 24. Qe2 h5 25. gxh5 Rf5 26. Ra8+ Kh7 27. hxg6+ Kxg6 28. Nc5 Rg5+ 29. Kf1 Qc1+ 30. Qe1 Rg1+ 0-1


[Site "https://www.chess.com"]

[Event "Titled Tuesday Blitz August 16 Early 2022"]
[White "Zherebtsova, Alexandra"]
[Black "Simonovic, Miroslav"]
[WhiteFideId "24129518"]
[BlackFideId "919152"]
[WhiteElo "2025"]
[BlackElo "2043"]
[Result "1-0"]
[Round "05"]
[TimeControl "180+2"]
[Date "2022.08.18"]
[WhiteClock "0:00:00"]
[BlackClock "0:00:00"]

1. d4 Nf6 2. Nf3 c5 3. d5 b5 4. Bg5 Ne4 5. Bf4 d6 6. Qd3 Bf5 7. Qxb5+ Nd7 8. Nh4 Bg6 9. Nxg6 hxg6 10. Qd3 Qa5+ 11. c3 Nef6 12. Nd2 c4 13. Nxc4 Qxd5 14. Qxd5 Nxd5 15. Bg3 Rb8 16. O-O-O N7f6 17. f3 Nb6 18. e4 Nfd7 19. Be2 Nxc4 20. Bxc4 Nb6 21. Bb5+ Kd8 22. e5 Kc7 23. Rd2 Rh5 24. Rhd1 dxe5 25. f4 e6 26. Be2 Rh8 27. f5 f6 28. fxe6 Bc5 29. Kb1 Rhe8 30. Bg4 Rbd8 31. b4 Be3 32. Rxd8 Rxd8 33. Rxd8 Kxd8 34. Kc2 Ke7 35. Kd3 Bc1 36. c4 Na8 37. c5 Nc7 38. Kc4 a6 39. a4 Nxe6 40. Bxe6 Kxe6 41. b5 axb5+ 42. axb5 f5 43. b6 Kd7 44. Kb5 f4 45. c6+ Kc8 46. Bf2 Be3 47. Be1 e4 48. Ka6 f3 49. gxf3 exf3 50. Bg3 f2 51. b7+ Kd8 52. b8=Q+ Ke7 53. Qd6+ Kf7 54. Qd5+ Kf8 55. Qf3+ Kg8 56. Bxf2 g5 57. Bxe3 g4 58. Qxg4 Kh7 59. c7 g5 60. c8=Q Kh6 61. Qce6+ 1-0


[Site "https://www.chess.com"]

[Event "Titled Tuesday Blitz August 16 Early 2022"]
[White "Zhigalko, Sergei"]
[Black "Shuvalova, Polina"]
[WhiteFideId "13502956"]
[BlackFideId "24171760"]
[WhiteElo "2662"]
[BlackElo "2330"]
[Result "1-0"]
[Round "05"]
[TimeControl "180+1"]
[Date "2022.08.16"]
[WhiteClock "0:00:12"]
[BlackClock "0:00:04"]

1. e4 c6 2. d4 d5 3. e5 Bf5 4. Nf3 e6 5. Be2 Ne7 6. O-O Ng6 7. Ne1 h5 8. Bd3 Bxd3 9. Nxd3 Nd7 10. Nd2 c5 11. c3 Qb6 12. Nf3 Be7 13. a4 a6 14. a5 Qc7 15. Re1 c4 16. Nf4 Nxf4 17. Bxf4 O-O-O 18. Bg5 Nb8 19. Bxe7 Qxe7 20. b3 cxb3 21. Qxb3 Nc6 22. Reb1 Rd7 23. Ne1 f6 24. exf6 gxf6 25. Nd3 Rc7 26. Re1 Rd8 27. Nf4 Rd6 28. Nxh5 e5 29. Ng3 Qd7 30. dxe5 fxe5 31. Qa3 e4 32. Rad1 Re6 33. Rxe4 Kb8 34. Rxe6 Qxe6 35. h3 Rf7 36. Qc5 Rd7 37. Rb1 Ka8 38. Kh2 Qg6 39. Re1 Qf7 40. Re3 Rd8 41. Rf3 Qd7 42. Nf5 Qc7+ 43. Ng3 Qb8 44. Rf5 d4 45. cxd4 Nxd4 46. Rf7 Ne6 47. Qf5 Nd4 48. Qf4 Qc8 49. Qc7 Qxc7 50. Rxc7 Nc6 51. h4 Nxa5 52. Nf5 Nc6 53. Ne7 Ne5 54. Kh3 a5 55. f4 Nf7 56. Nd5 Nd6 57. Nb6+ Ka7 58. Nd5 Ka6 59. Rc1 a4 60. h5 a3 61. g4 Nb5 62. g5 Rxd5 63. h6 Rd3+ 64. Kg4 Rd2 65. Rh1 Rg2+ 66. Kf3 a2 67. Kxg2 Nc3 68. Ra1 Nd5 69. h7 Nxf4+ 70. Kf3 Ng6 71. Ke4 Kb5 72. Rxa2 Kc6 73. Rh2 Nh8 74. Kf5 Kd7 75. Kf6 Ke8 76. Kg7 Ke7 77. Re2+ Kd6 78. Kxh8 1-0


[Site "https://www.chess.com"]